AoeStats
← MrFeuillu

Arena

509474371Analyzed
2v2 RM · 4d ago on Sep 26, 2026· 62m 11s· 4 players
Game mode
Random Map
Map size
Medium (4 player)
Population
200
Speed
Normal
Resources
Standard
Victory
Conquest
Starting age
Dark Age
Ending age
Imperial Age
RankedLock teamsTeams togetherTeam positionsShared explorationLock speedFull tech treeHidden civsTurbo modeCheats
Victory
Defeat
🇬🇧 Cumans · United Kingdom
1371
+13
🇬🇧 Armenians · United Kingdom
1369
+13
🇫🇷 Turks · France
1345
-14
🇫🇷 Huns · France
1284
-12
MrFeuillu
11:05 Feudal Age
31:01 Castle Age
29:02 Horse Collar
29:12 Double-Bit Axe
34:02 Forging
33:52 Scale Mail Armor
35:20 Iron Casting
35:09 Loom
36:02 Wheelbarrow
44:16 Imperial Age
42:31 Bloodlines
42:21 Husbandry
43:10 Scale Barding Armor
43:40 Iron Casting
45:44 Chain Barding Armor
47:21 Marauders
46:42 Elite Tarkan
47:34 Heavy Plow
49:12 Plate Barding Armor
49:38 Blast Furnace
51:16 Bow Saw
53:13 Light Cavalry
55:07 Chain Mail Armor
57:21 Pikeman
58:02 Squires
Don't Worry Be Happy
9:49 Loom
11:34 Feudal Age
15:59 Castle Age
15:06 Double-Bit Axe
15:02 Horse Collar
17:16 Padded Archer Armor
30:26 Heavy Plow
31:37 Scale Barding Armor
37:30 Imperial Age
36:21 Wheelbarrow
35:32 Town Watch
36:08 Bow Saw
35:49 Gold Mining
36:19 Leather Archer Armor
36:26 Bloodlines
38:20 Chain Barding Armor
38:10 Forging
37:42 Heavy Camel Rider
38:44 Husbandry
40:16 Plate Barding Armor
40:12 Hand Cart
39:58 Town Patrol
43:34 Fletching
46:20 Iron Casting
46:19 Bodkin Arrow
46:57 Ring Archer Armor
49:55 Blast Furnace
52:36 Conscription
60:45 Bodkin Arrow
Bokvie
8:33 Loom
10:26 Feudal Age
9:03 Loom
10:45 Man-at-Arms
11:53 Double-Bit Axe
11:35 Long Swordsman
15:19 Forging
15:13 Arson
22:29 Horse Collar
23:37 Scale Mail Armor
24:48 Gold Mining
27:02 Wheelbarrow
34:01 Castle Age
33:34 Fletching
33:44 Padded Archer Armor
33:45 Stone Mining
33:39 Pikeman
35:51 Bow Saw
35:51 Squires
35:49 Bodkin Arrow
36:08 Town Watch
37:07 Scale Mail Armor
37:42 Iron Casting
38:33 Heavy Plow
39:23 Chain Mail Armor
40:01 Halberdier
42:38 Leather Archer Armor
43:52 Hand Cart
46:12 Imperial Age
43:19 Crossbowman
45:10 Masonry
45:32 Ballistics
48:08 Chemistry
49:17 Elite Composite Bowman
50:33 Conscription
50:49 Hoardings
50:33 Bracer
51:03 Ring Archer Armor
52:52 Treadmill Crane
54:04 Caravan
56:42 Gold Shaft Mining
57:11 Fereters
Adsoff
7:24 Loom
9:18 Feudal Age
10:09 Double-Bit Axe
21:20 Horse Collar
26:15 Castle Age
25:03 Scale Barding Armor
25:09 Forging
25:38 Gold Mining
27:01 Wheelbarrow
26:38 Bloodlines
27:35 Chain Barding Armor
28:29 Iron Casting
29:42 Hand Cart
29:38 Capped Ram
35:36 Imperial Age
34:28 Heavy Plow
34:40 Bow Saw
35:57 Town Watch
36:59 Plate Barding Armor
37:25 Blast Furnace
37:33 Blast Furnace
35:57 Cavalier
37:10 Siege Ram
39:15 Coinage
40:06 Gold Shaft Mining
39:21 Stone Mining
39:45 Fletching
39:55 Padded Archer Armor
40:23 Ballistics
40:58 Crop Rotation
41:45 Two-Man Saw
41:01 Bodkin Arrow
43:16 Leather Archer Armor
43:10 Steppe Husbandry
43:32 Conscription
43:50 Hoardings
43:49 Paladin
45:44 Elite Kipchak
49:39 Light Cavalry
50:39 Hussar
54:31 Cuman Mercenaries
57:45 Caravan
58:16 Banking
57:56 Guilds
Connection lost

Rejoining the realm…

Still unreachable

The connection could not be restored.

Session expired

The server has moved on; the page needs a fresh start.